 Dungeon Crawl Stone Soup version 0.18-b1-18-g7758cf2 (webtiles) character file.

296 HaroldButt the Poker (level 6, -19/44 HPs)
             Began as a Mummy Gladiator on May 2, 2016.
             Demolished by an ogre
             ... wielding a +0 giant club
              (29 damage)
             ... on level 4 of the Dungeon.
             The game lasted 00:12:18 (3311 turns).

HaroldButt the Poker (Mummy Gladiator)              Turns: 3311, Time: 00:12:19

Health: -19/44     AC: 11    Str: 18    XL:     6   Next: 12%
Magic:  6/6        EV:  8    Int:  8    God:
Gold:   182        SH:  0    Dex: 14    Spells: 0 memorised, 5 levels left

rFire  x . .     SeeInvis .     a - +0 trident
rCold  + . .     Gourm    .     f - +0 chain mail
rNeg   + + +     Faith    .     (no shield)
rPois  ∞         Spirit   .     c - +2 helmet
rElec  .         Dismiss  .     (no cloak)
rCorr  .         Reflect  .     (no gloves)
SustAt .         Harm     .     (no boots)
MR     .....                    e - amulet of magic regeneration
Stlth  ..........               (no ring)
                                (no ring)

@: not resistant to hostile enchantments, extremely unstealthy
A: no food or potions, fire vulnerability, cold resistance 1, negative energy
resistance 3, torment resistance, unbreathing
a: no special abilities


You were on level 4 of the Dungeon.
You were not hungry.

You visited 1 branch of the dungeon, and saw 4 of its levels.

You collected 182 gold pieces.

Inventory:

Hand Weapons
 a - a +0 trident (weapon)
Missiles
 d - 5 throwing nets (quivered)
 j - 18 poisoned needles
Armour
 c - a +2 helmet (worn)
 f - a +0 chain mail (worn)
Jewellery
 e - an amulet of magic regeneration (around neck)
Wands
 g - a wand of digging (1/24)
 i - a wand of digging (12/24)
Scrolls
 b - a scroll of teleportation
 h - a scroll of blinking
 k - a scroll of amnesia
 m - a scroll of immolation {unknown}


   Skills:
 - Level 2.0 Fighting
 + Level 5.7 Polearms
 - Level 1.5 Throwing
 - Level 2.4 Dodging


You had 5 spell levels left.
You didn't know any spells.

Dungeon Overview and Level Annotations

Branches:
Dungeon (4/15)
 Temple: D:4-7

Altars:
Pakellas
Qazlal


Innate Abilities, Weirdness & Mutations

You do not eat or drink.
Your flesh is vulnerable to fire.
You are immune to poison.
Your flesh is cold resistant.
You are immune to negative energy.
You are immune to unholy pain and torment.
You can survive without breathing.


Message History

Attack whom?
Press: ? - help, Dir - move target cursor, f/p - ogre
Aim: an ogre, wielding a giant club (heavily wounded)
You reach to attack!
You puncture the ogre!
The ogre is almost dead.
The ogre hits you with a giant club!
* * * LOW HITPOINT WARNING * * *
You are too injured to fight recklessly!
Evoke which item? (* to show all) (? for menu, Esc to quit)
Okay, then.
Attack whom?
Press: ? - help, Dir - move target cursor, f/p - ogre
Aim: an ogre, wielding a giant club (almost dead)
You reach to attack!
You hit the ogre but do no damage.
The ogre is almost dead.
You closely miss the ogre.
The ogre is almost dead.
The ogre hits you with a giant club!!
Ouch! That really hurt!
You die...

#.###.# #.# ##...##
###. ......# #.# ##'##
#. #.##### #.# #.# #.
#.# #.# ###.#######.
#.# #.# #.....[..##.
#<# #.# ####....###.##.
#.# #.# #........##.##.
#.#
#<#######.##.....##.##.
#.#
#.....@Oo.##.#.#.......
..#
############.#.####.###
######## #.#.####.#
.≈...≈.# #........#
≈≈≈≈≈≈≈# ###[######
≈≈♣♣♣≈.# #.# .≈♣ ♣≈.#
####.## ≈≈♣♣♣≈.#
###.....#######
≈≈≈≈≈≈.#
#........#.....


You could see an ogre and an orc.

Vanquished Creatures
  A scorpion (D:3)
  A howler monkey (D:4)
  An orc priest (D:3)
  A centaur skeleton (D:4)
  Robin (D:4)
  An adder (D:2)
  2 worms
  3 dart slugs (D:2)
  4 giant geckos
  10 orcs
  2 giant cockroaches
  14 hobgoblins
  14 jackals
  3 quokkas
  A ball python (D:1)
  4 bats
  2 giant newts
  20 goblins
  6 kobolds
  6 rats
97 creatures vanquished.

Notes
Turn   | Place    | Note
--------------------------------------------------------------
     0 | D:1      | HaroldButt the Mummy Gladiator began the quest for the Orb.
     0 | D:1      | Reached XP level 1. HP: 16/16 MP: 1/1
   166 | D:1      | Reached XP level 2. HP: 21/22 MP: 2/2
   205 | D:1      | Reached skill level 3 in Polearms
   948 | D:2      | Reached XP level 3. HP: 27/27 MP: 3/3
  1450 | D:2      | Found a stormy altar of Qazlal.
  1550 | D:2      | Reached skill level 4 in Polearms
  1653 | D:2      | Found an oddly glowing altar of Pakellas.
  1737 | D:2      | Reached XP level 4. HP: 33/33 MP: 4/4
  1982 | D:3      | Reached XP level 5. HP: 13/38 MP: 5/5
  2251 | D:3      | Reached skill level 5 in Polearms
  3039 | D:4      | Reached XP level 6. HP: 41/44 MP: 6/6
  3130 | D:4      | Noticed Robin
  3173 | D:4      | Killed Robin
  3311 | D:4      | Demolished by an ogre

Skill      XL: |  1  2  3  4  5 |
---------------+----------------+-----
Polearms       | 3 4 5 |  5.7
Fighting       | |  2.0
Throwing       | |  1.5
Dodging        | |  2.4

Action                   |  1- 3 |  4- 6 || total
-------------------------+-------+-------++-------
Melee: Trident           |   165 |   213 ||   378
  Use: Scroll            |     1 |     7 ||     8
 Stab: Sleeping          |     2 |       ||     2
Armor: Leather armour    |    30 |       ||    30
       Chain mail        |    27 |   101 ||   128
Dodge: Dodged            |    99 |    58 ||   157
